 Dungeon Crawl Stone Soup version 0.29-a0-542-g075992c915 (webtiles) character file.

Game seed: 2941145796224185462

21073 MechDurjaeses the Blocker (level 12, -2/97 HPs)
             Began as a Gnoll Fighter on June 3, 2022.
             Was the Champion of Okawaru.
             Slain by Rupert
             ... wielding a +2 vorpal great sword
              (10 damage)
             ... on level 12 of the Dungeon on June 4, 2022.
             The game lasted 00:41:11 (11785 turns).

MechDurjaeses the Blocker (Gnoll Fighter)          Turns: 11785, Time: 00:41:12

Health: -2/97      AC: 27    Str: 27    XL:     12   Next: 86%
Magic:  23/23      EV: 11    Int:  8    God:    Okawaru [******]
Gold:   797        SH:  0    Dex: 16    Spells: 21/26 levels left

rFire   . . .      SeeInvis .   U - +9 great sword of Turmoil {freeze, Drain rC+ Will+}
rCold   + + .      Faith    .   (shield currently unavailable)
rNeg    . . .      Spirit   .   h - +4 plate armour
rPois   .          Reflect  .   r - +1 hat {Will+}
rElec   +          Harm     .   i - +0 cloak
rCorr   .          Rampage  +   D - +2 pair of gloves "Buarut" {Rampage Regen+}
Will    ++...                   f - +2 pair of boots
Stlth   ..........              B - amulet of regeneration
HPRegen 1.86/turn               b - +6 ring of strength
MPRegen 0.18/turn               l - ring "Okisau" {Wiz rElec rC+ Dex+3}

@: invisible
A: fangs 1, strong nose, distributed training, horns 1, strong 1
a: Renounce Religion, Heroism, Finesse, Duel


You were on level 12 of the Dungeon.
You worshipped Okawaru.
Okawaru was exalted by your worship.
You visited 2 branches of the dungeon, and saw 13 of its levels.

You collected 797 gold pieces.

Inventory:

Hand Weapons
 a - a +4 war axe
 O - the +9 staff of Olgreb {rPois∞}
   (You found it on level 12 of the Dungeon)

   If the wielder is skilled in Evocations, they can envenom those struck by it,
   dealing poison damage which bypasses armour.
   It enhances your poison magic.
   It grants immunity to poison.
   It can be activated via the 'a'bility menu to radiate toxic energy, with
   effectiveness depending on Evocations skill.
 T - a +0 vampiric falchion
 U - the +9 great sword of Turmoil (weapon) {freeze, Drain rC+ Will+}
   (Okawaru gifted it to you on level 11 of the Dungeon)

   It freezes those it strikes, dealing additional cold damage.
   It can also slow down cold-blooded creatures.
   rC:        It protects you from cold.
   Drain:     It drains your maximum health when unequipped.
   Will:      It increases your willpower.
Missiles
 d - 2 javelins
 K - 7 poisoned darts
 N - 4 atropa-tipped darts
 Q - 3 silver javelins
Armour
 c - a +0 buckler
 f - a +2 pair of boots (worn)
 h - a +4 plate armour (worn)
 i - a +0 cloak (worn)
 o - the +0 scale mail of the Voracious God {Harm rF+ Int+4}
   (You found it on level 3 of the Dungeon)

   Int:       It affects your intelligence (+4).
   rF:        It protects you from fire.
   Harm:      It increases damage dealt and taken.
 r - a +1 hat of willpower (worn)
 s - +0 steam dragon scales
 D - the +2 pair of gloves "Buarut" (worn) {Rampage Regen+}
   (Okawaru gifted it to you on level 12 of the Dungeon)

   Regen:     It increases your rate of health regeneration.
   Rampage:   It bestows one free step when moving towards enemies.
 E - +0 acid dragon scales
 G - the +1 robe "Othriv" {rPois rF+ Int+4 Dex-3}
   (You found it on level 8 of the Dungeon)

   Int:       It affects your intelligence (+4).
   Dex:       It affects your dexterity (-3).
   rF:        It protects you from fire.
   rPois:     It protects you from poison.
 M - +0 swamp dragon scales
Magical Staves
 v - a staff of conjuration
Jewellery
 b - a +6 ring of strength (left hand)
 l - the ring "Okisau" (right hand) {Wiz rElec rC+ Dex+3}
   (You acquired it on level 3 of the Dungeon)

   [ring of wizardry]

   It improves your spell success rate.
   Dex:       It affects your dexterity (+3).
   rC:        It protects you from cold.
   rElec:     It insulates you from electricity.
 u - an amulet of reflection
 w - the ring "Geir" {Int+6 Dex+2}
   (You found it on level 5 of the Dungeon)

   [ring of intelligence]

   Int:       It affects your intelligence (+6).
   Dex:       It affects your dexterity (+2).
 B - an amulet of regeneration (around neck)
 J - a ring of protection from fire
 P - a ring of magical power
Wands
 g - a wand of mindburst (11) (quivered)
 C - a wand of acid (10)
 H - a wand of digging (5)
 I - a wand of iceblast (13)
Scrolls
 j - 5 scrolls of fog
 m - a scroll of enchant armour
 q - a scroll of poison
 y - a scroll of immolation
 z - 2 scrolls of magic mapping
Potions
 e - 3 potions of attraction
 k - 3 potions of haste {unknown}
 n - 2 potions of invisibility
 p - 8 potions of curing
 t - a potion of cancellation
 x - 2 potions of lignification
 A - 3 potions of mutation
 F - a potion of magic {unknown}
 L - 3 potions of ambrosia {unknown}


   Skills:
 + Level 10.1 Fighting
 + Level 7.7 Short Blades
 + Level 7.7 Long Blades
 + Level 9.0 Axes
 + Level 7.7 Maces & Flails
 + Level 7.7 Polearms
 + Level 7.7 Staves
 + Level 7.7 Slings
 + Level 7.7 Bows
 + Level 7.7 Crossbows
 + Level 7.7 Throwing
 + Level 10.1 Armour
 + Level 7.7 Dodging
 + Level 7.7 Stealth
 + Level 10.1 Shields
 + Level 7.7 Unarmed Combat
 + Level 7.7 Spellcasting
 + Level 6.4 Conjurations
 + Level 6.4 Hexes
 + Level 6.4 Summonings
 + Level 6.4 Necromancy
 + Level 6.4 Translocations
 + Level 6.4 Transmutations
 + Level 6.4 Fire Magic
 + Level 6.4 Ice Magic
 + Level 6.4 Air Magic
 + Level 6.4 Earth Magic
 + Level 6.4 Poison Magic
 + Level 8.4 Invocations
 + Level 7.7 Evocations


You had 21 spell levels left.
You knew the following spells:

 Your Spells              Type           Power      Damage    Failure   Level
a - Ensorcelled Hibernat  Hex/Ice        26%        N/A       8%          2
b - Mephitic Cloud        Conj/Pois/Air  13%        N/A       16%         3

Your spell library contained the following spells:

 Spells                   Type           Power      Damage    Failure   Level
 Magic Dart               Conj           52%        1d5       5%          1
 Searing Ray              Conj           26%        2d5       8%          2
 Confusing Touch          Hex            13%        N/A       16%         3
 Ignite Poison            Fire/Tmut/Pois 13%        N/A       16%         3
 Inner Flame              Hex/Fire       13%        N/A       16%         3
 Ozocubu's Armour         Ice            13%        N/A       16%         3
 Spider Form              Tmut/Pois      13%        N/A       16%         3
 Anguish                  Hex/Necr       6%         N/A       43%         4
 Cause Fear               Hex            6%         N/A       43%         4
 Fulminant Prism          Conj/Hex       6%         3d7       43%         4
 Leda's Liquefaction      Hex/Erth       6%         N/A       43%         4
 Olgreb's Toxic Radiance  Pois           13%        N/A       43%         4
 Petrify                  Tmut/Erth      13%        N/A       43%         4
 Freezing Cloud           Conj/Ice/Air   6%         6-21      77%         5
 Lee's Rapid Deconstruct  Erth           6%         3d7*      77%         5
 Metabolic Englaciation   Hex/Ice        6%         N/A       77%         5
 Yara's Violent Unravell  Hex/Tmut       6%         3d5       77%         5
 Statue Form              Tmut/Erth      8%         N/A       99%         6
 Enfeeble                 Hex            6%         N/A       100%        7
 Ozocubu's Refrigeration  Ice            6%         4d6       100%        7
 Discord                  Hex            6%         N/A       100%        8
 Ignition                 Fire           6%         3d4       100%        8
 Simulacrum               Ice/Necr       Unusable   N/A       N/A         6

Dungeon Overview and Level Annotations

Branches:
Dungeon (12/15)            Temple (1/1) D:4            Lair (0/6) D:11
    Orc (0/2) D:12

Altars:
Ashenzari
Cheibriados
Dithmenos
Elyvilon
Fedhas
Gozag
Hepliaklqana
Kikubaaqudgha
Makhleb
Nemelex Xobeh
Okawaru
Qazlal
Ru
Sif Muna
Trog
Uskayaw
Vehumet
Wu Jian
Xom
Yredelemnul
Zin
The Shining One

Annotations:
D:12 Rupert


Innate Abilities, Weirdness & Mutations

You have very sharp teeth.
Your uncanny sense of smell can sniff out nearby items.
Your experience applies equally to all skills.
You have a pair of small horns on your head.
Your muscles are strong. (Str +2)


Message History

The yak gores you! The yak closely misses you.
The yak gores you but does no damage.
You slash the yak! You freeze the yak. You headbutt the yak.
The yak is almost dead.
The yak gores you! x2; The yak closely misses you.
You slash the yak! You freeze the yak.
You kill the yak!
Okawaru accepts your kill.
The yak gores you. x2; The yak gores you but does no damage. x2
You slash the yak! You freeze the yak.
The yak is moderately wounded.
The yak gores you! The yak gores you but does no damage.
You slice the yak!! You freeze the yak!
You kill the yak!
Okawaru accepts your kill. The yak completely misses you.
You slice the yak!! You freeze the yak.
The yak is almost dead.
The yak barely misses you. The yak closely misses you.
You slash the yak! You freeze the yak.
You kill the yak!
Okawaru accepts your kill.
No target in view!
HP restored.
Things that are here:
a yak corpse; a yak corpse
Things that are here:
a yak corpse; a yak corpse Rupert the Wild comes into view.
He is wielding a +2 vorpal great sword.
Rupert shouts!
Rupert roars madly and goes into a rage!
Rupert goes berserk!
You fade into invisibility!
Rupert hits you with a +2 vorpal great sword!! x2
Okay, then.
Rupert hits you with a +2 vorpal great sword!!
Rupert rages.
Rupert hits you with a +2 vorpal great sword!!
* * * LOW HITPOINT WARNING * * *
You die...

##### #.... # #..... #.
########## #..... #.
#........### #.....# ####..
#..........# #......
......#####..@.......####......
..............@................
........#####...††...........##
........# ####.............#.
........+ #...###### #..#.
........# #...#......#..#.
........# ##..#......#..#.
........# #..#......#..#.
........# #..#......#..#.
####....# #..#......#..##


You could see Rupert (berserk, can't see you).

Vanquished Creatures
  Gastronok (D:8)
  Josephine (D:10)
  2 boulder beetles
  A two-headed ogre (D:7)
  Lodul (D:11)
  Pikel (D:9)
  A cyclops (D:12)
  2 manticores (D:11)
  A gargoyle (D:12)
  Maggie (D:10)
  3 kobold demonologists
  2 unseen horrors
  A komodo dragon (D:11)
  2 trolls (D:12)
  4 slime creatures
  A shadow (D:10)
  22 yaks
  5 wraiths
  A wyvern (D:8)
  A steam dragon (D:8)
  13 vampire mosquitoes
  2 water moccasins (D:11)
  An acid dragon (D:8)
  5 orc warriors
  6 black bears
  4 sky beasts
  9 ogres
  2 phantoms
  6 centaurs
  2 lemures (D:9)
  4 kobold brigands
  6 bullfrogs
  2 scorpions (D:4)
  3 gnoll sergeants (D:12)
  3 wights (D:10)
  3 killer bees
  5 howler monkeys
  2 electric eels (D:6)
  6 orc priests
  7 hounds
  3 jellies
  Jessica (D:2)
  8 iguanas
  Natasha (thrice) (D:2)
  13 orc wizards
  9 gnolls
  8 adders
  2 shadow imps
  4 ufetubi
  2 worms
  3 dart slugs
  42 orcs
  6 endoplasms
  A giant cockroach (D:4)
  10 goblins
  7 hobgoblins
  4 jackals
  2 quokkas (D:1)
  9 ball pythons
  9 bats
  5 frilled lizards
  9 kobolds
  7 rats
312 creatures vanquished.

Vanquished Creatures (others)
  27 fungi (D:11)
  24 plants (D:11)
51 creatures vanquished.

Grand Total: 363 creatures vanquished

Notes
Turn   | Place    | Note
-------+----------+-------------------------------------------
     0 | D:1      | MechDurjaeses the Gnoll Fighter began the quest for the
                  | Orb.
     0 | D:1      | Reached XP level 1. HP: 23/23 MP: 1/1
    96 | D:1      | Reached XP level 2. HP: 29/29 MP: 2/2
   451 | D:1      | Reached XP level 3. HP: 32/35 MP: 3/3
  1060 | D:2      | Reached skill level 1 in Invocations
  1235 | D:2      | Noticed Natasha
  1243 | D:2      | Killed Natasha
  1244 | D:2      | Reached skill level 1 in Short Blades
  1244 | D:2      | Reached skill level 1 in Long Blades
  1244 | D:2      | Reached skill level 1 in Maces & Flails
  1244 | D:2      | Reached skill level 1 in Polearms
  1244 | D:2      | Reached skill level 1 in Staves
  1244 | D:2      | Reached skill level 1 in Slings
  1244 | D:2      | Reached skill level 1 in Bows
  1244 | D:2      | Reached skill level 1 in Crossbows
  1244 | D:2      | Reached skill level 1 in Throwing
  1244 | D:2      | Reached skill level 1 in Dodging
  1244 | D:2      | Reached skill level 1 in Stealth
  1244 | D:2      | Reached skill level 1 in Unarmed Combat
  1244 | D:2      | Reached skill level 1 in Spellcasting
  1244 | D:2      | Reached skill level 1 in Evocations
  1244 | D:2      | Reached XP level 4. HP: 39/41 MP: 5/5
  1352 | D:2      | Noticed Natasha
  1365 | D:2      | Killed Natasha
  1366 | D:2      | Reached skill level 1 in Conjurations
  1366 | D:2      | Reached skill level 1 in Hexes
  1366 | D:2      | Reached skill level 1 in Summonings
  1366 | D:2      | Reached skill level 1 in Necromancy
  1366 | D:2      | Reached skill level 1 in Translocations
  1366 | D:2      | Reached skill level 1 in Transmutations
  1366 | D:2      | Reached skill level 1 in Fire Magic
  1366 | D:2      | Reached skill level 1 in Ice Magic
  1366 | D:2      | Reached skill level 1 in Air Magic
  1366 | D:2      | Reached skill level 1 in Earth Magic
  1366 | D:2      | Reached skill level 1 in Poison Magic
  1442 | D:2      | Noticed Natasha
  1455 | D:2      | Killed Natasha
  1456 | D:2      | Reached XP level 5. HP: 28/47 MP: 5/7
  1612 | D:2      | Noticed Jessica
  1627 | D:2      | Killed Jessica
  2382 | D:3      | Identified the +0 scale mail of the Voracious God {Harm rF+
                  | Int+4}
  2397 | D:3      | Learned a level 2 spell: Ensorcelled Hibernation
  2557 | D:3      | Identified a scroll of acquirement
  2559 | D:3      | Acquired the ring "Okisau" {Wiz rElec rC+ Dex+3}
  2615 | D:3      | Reached XP level 6. HP: 53/53 MP: 8/8
  2710 | D:3      | Reached skill level 5 in Axes
  2988 | D:4      | Found a staircase to the Ecumenical Temple.
  3018 | Temple   | Entered the Ecumenical Temple
  3100 | Temple   | Became a worshipper of Warmaster Okawaru
  3424 | D:4      | Reached XP level 7. HP: 3/59 MP: 10/10
  4103 | D:4      | Found a sacrificial altar of Ru.
  4149 | D:4      | Reached * piety under Okawaru
  4207 | D:4      | Found a hide-covered altar of Uskayaw.
  4747 | D:5      | Entered Level 5 of the Dungeon
  4786 | D:5      | Reached XP level 8. HP: 24/67 MP: 12/12
  5169 | D:5      | Found a snail-covered altar of Cheibriados.
  5169 | D:5      | Identified the ring "Geir" {Int+6 Dex+2}
  5271 | D:5      | Found a glowing golden altar of the Shining One.
  5347 | D:5      | Found a bloodstained altar of Trog.
  5591 | D:6      | Found a shadowy altar of Dithmenos.
  5667 | D:6      | Reached ** piety under Okawaru
  5698 | D:6      | Found a shimmering blue altar of Sif Muna.
  6342 | D:6      | Reached XP level 9. HP: 54/57 MP: 14/14
  7038 | D:7      | Noticed a two-headed ogre
  7056 | D:7      | Killed a two-headed ogre
  7126 | D:7      | Reached skill level 5 in Invocations
  7350 | D:7      | Reached XP level 10. HP: 75/80 MP: 17/17
  7833 | D:8      | Reached *** piety under Okawaru
  7834 | D:8      | Reached skill level 5 in Short Blades
  7834 | D:8      | Reached skill level 5 in Long Blades
  7834 | D:8      | Reached skill level 5 in Maces & Flails
  7834 | D:8      | Reached skill level 5 in Polearms
  7834 | D:8      | Reached skill level 5 in Staves
  7834 | D:8      | Reached skill level 5 in Slings
  7834 | D:8      | Reached skill level 5 in Bows
  7834 | D:8      | Reached skill level 5 in Crossbows
  7834 | D:8      | Reached skill level 5 in Throwing
  7834 | D:8      | Reached skill level 5 in Dodging
  7834 | D:8      | Reached skill level 5 in Stealth
  7834 | D:8      | Reached skill level 5 in Unarmed Combat
  7834 | D:8      | Reached skill level 5 in Spellcasting
  7834 | D:8      | Reached skill level 5 in Evocations
  8164 | D:8      | Noticed Gastronok
  8174 | D:8      | Killed Gastronok
  8242 | D:8      | Identified the +1 robe "Othriv" {rPois rF+ Int+4 Dex-3}
  8388 | D:8      | Reached **** piety under Okawaru
  8644 | D:9      | Noticed a kobold demonologist
  8676 | D:9      | Noticed Pikel
  8703 | D:9      | Killed Pikel
  8954 | D:9      | Noticed a smoke demon
  8955 | D:9      | Killed a kobold demonologist
  8967 | D:9      | Found a blossoming altar of Fedhas.
  8983 | D:9      | Gained mutation: You have a pair of small horns on your
                  | head. [potion of mutation]
  8983 | D:9      | Gained mutation: Your muscles are strong. (Str +2) [potion
                  | of mutation]
  8984 | D:9      | Found a broken altar of Ashenzari.
  9056 | D:9      | Reached ***** piety under Okawaru
  9057 | D:9      | Reached XP level 11. HP: 79/87 MP: 19/19
  9409 | D:9      | Noticed a boulder beetle
  9435 | D:9      | Killed a boulder beetle
  9436 | D:9      | Reached skill level 5 in Conjurations
  9436 | D:9      | Reached skill level 5 in Hexes
  9436 | D:9      | Reached skill level 5 in Summonings
  9436 | D:9      | Reached skill level 5 in Necromancy
  9436 | D:9      | Reached skill level 5 in Translocations
  9436 | D:9      | Reached skill level 5 in Transmutations
  9436 | D:9      | Reached skill level 5 in Fire Magic
  9436 | D:9      | Reached skill level 5 in Ice Magic
  9436 | D:9      | Reached skill level 5 in Air Magic
  9436 | D:9      | Reached skill level 5 in Earth Magic
  9436 | D:9      | Reached skill level 5 in Poison Magic
  9654 | D:10     | Entered Level 10 of the Dungeon
  9684 | D:10     | Learned a level 3 spell: Mephitic Cloud
  9732 | D:10     | Received a gift from Okawaru
  9843 | D:10     | Received a gift from Okawaru
  9895 | D:10     | Noticed Maggie
  9906 | D:10     | Noticed Josephine
 10038 | D:10     | Killed Josephine
 10191 | D:10     | Killed Maggie
 10191 | D:10     | Received a gift from Okawaru
 10322 | D:11     | Noticed Lodul
 10322 | D:11     | Noticed a boulder beetle
 10334 | D:11     | Killed Lodul
 10334 | D:11     | Identified the +9 great sword of Turmoil {freeze, Drain rC+
                  | Will+} (Okawaru gifted it to you on level 11 of the
                  | Dungeon)
 10334 | D:11     | Received a gift from Okawaru
 10335 | D:11     | Reached XP level 12. HP: 58/96 MP: 22/22
 10335 | D:11     | Killed a boulder beetle
 10404 | D:11     | Found a staircase to the Lair.
 10405 | D:11     | Reached ****** piety under Okawaru
 11176 | D:12     | Identified the +2 pair of gloves "Buarut" {Rampage Regen+}
                  | (Okawaru gifted it to you on level 12 of the Dungeon)
 11176 | D:12     | Received a gift from Okawaru
 11220 | D:12     | Found the +9 staff of Olgreb {rPois∞}
 11358 | D:12     | Reached skill level 10 in Fighting
 11358 | D:12     | Reached skill level 10 in Armour
 11358 | D:12     | Reached skill level 10 in Shields
 11641 | D:12     | Found a staircase to the Orcish Mines.
 11775 | D:12     | Noticed Rupert
 11785 | D:12     | Slain by Rupert

Illustrated notes

Levels and vault maps discovered:
D:1:      evilmike_arrival_crescent, layout_rooms, serial_aquarium,
          aquarium_bridge_straight [aquarium_subvault_bridge,
          aquarium_subvault_window, aquarium_subvault_bridge,
          aquarium_subvault_wall], aquarium_bridge_square
          [aquarium_subvault_wall, aquarium_subvault_bridge,
          aquarium_subvault_bridge, aquarium_subvault_bridge],
          aquarium_window_fake, aquarium_window_1, aquarium_window_fake,
          aquarium_view_2e, aquarium_pool_side, serial_bayou_pond_d,
          minivault_5, grunt_decor_cap
D:2:      layout_loops_cross, minmay_crystal_room, minmay_splitting_lines,
          uniq_jessica, uniq_natasha
D:3:      cheibrodos_old_hovel, layout_basic, cheibrodos_gnoll_hut
D:4:      layout_basic, mainiacjoe_overflow_catch_the_wave, temple_pool_b
D:5:      layout_rooms, mainiacjoe_overflow_surrounded_room,
          mainiacjoe_overflow_swirl
D:6:      layout_gridville, grunt_dithmenos_shadows,
          nicolae_sif_muna_condensation, minmay_misc_feat_room,
          kennysheep_generic_room_3
D:7:      layout_rooms
D:8:      layout_loops_cross, uniq_gastronok
D:9:      layout_long_grid, cheibrodos_ashenzari_chains, fedhas_ov_isle_minmay,
          nzn_sisyphean_effort, uniq_pikel
D:10:     layout_cave_pools, uniq_josephine, uniq_maggie
D:11:     layout_irregular_city, due_lair_maze_entry_diamond, uniq_lodul
D:12:     layout_irregular_city, kennysheep_orc_monster_closet_entryway,
          uniq_rupert
Temple:   nicolae_temple_god_jail

Skill      XL: |  1  2  3  4  5  6  7  8  9 10 11 12 |
---------------+-------------------------------------+-----
Invocations    | 1 2 3 4 5 6 7 8 |  8.4
Short Blades   | 1 2 3 4 5 6 7 |  7.7
Long Blades    | 1 2 3 4 5 6 7 |  7.7
Maces & Flails | 1 2 3 4 5 6 7 |  7.7
Polearms       | 1 2 3 4 5 6 7 |  7.7
Staves         | 1 2 3 4 5 6 7 |  7.7
Slings         | 1 2 3 4 5 6 7 |  7.7
Bows           | 1 2 3 4 5 6 7 |  7.7
Crossbows      | 1 2 3 4 5 6 7 |  7.7
Throwing       | 1 2 3 4 5 6 7 |  7.7
Dodging        | 1 2 3 4 5 6 7 |  7.7
Stealth        | 1 2 3 4 5 6 7 |  7.7
Unarmed Combat | 1 2 3 4 5 6 7 |  7.7
Spellcasting   | 1 2 3 4 5 6 7 |  7.7
Evocations     | 1 2 3 4 5 6 7 |  7.7
Conjurations   | 1 2 3 4 5 6 |  6.4
Hexes          | 1 2 3 4 5 6 |  6.4
Summonings     | 1 2 3 4 5 6 |  6.4
Necromancy     | 1 2 3 4 5 6 |  6.4
Translocations | 1 2 3 4 5 6 |  6.4
Transmutations | 1 2 3 4 5 6 |  6.4
Fire Magic     | 1 2 3 4 5 6 |  6.4
Ice Magic      | 1 2 3 4 5 6 |  6.4
Air Magic      | 1 2 3 4 5 6 |  6.4
Earth Magic    | 1 2 3 4 5 6 |  6.4
Poison Magic   | 1 2 3 4 5 6 |  6.4
Axes           | 5 6 7 8 9 |  9.0
Fighting       | 7 8 9 10 | 10.1
Armour         | 7 8 9 10 | 10.1
Shields        | 7 8 9 10 | 10.1

Action                   |  1- 3 |  4- 6 |  7- 9 | 10-12 || total
-------------------------+-------+-------+-------+-------++-------
Melee: War axe           |    93 |   156 |   313 |   305 ||   867
       Bite              |     8 |    12 |    41 |    57 ||   118
       Headbutt          |       |       |       |    82 ||    82
       Great sword       |       |       |       |   156 ||   156
 Cast: Ensorcelled Hiber |       |       |       |     1 ||     1
Evoke: Wand              |       |     2 |       |    15 ||    17
  Use: Scroll            |     1 |     5 |    15 |     8 ||    29
       Potion            |       |     1 |     4 |     4 ||     9
 Stab: Invisible         |       |       |       |     4 ||     4
Armor: Scale mail        |    10 |       |       |       ||    10
       Ring mail         |    18 |       |       |       ||    18
       Plate armour      |    17 |    82 |   230 |   400 ||   729
Dodge: Dodged            |    50 |    44 |   130 |   280 ||   504
Block: Buckler           |    31 |    41 |    88 |   111 ||   271

Table legend: (Time is in decaauts)
 A = Elapsed time spent in this place.
 B = Non-inter-level travel time spent in this place.
 C = Inter-level travel time spent in this place.
 D = Time resting spent in this place.
 E = Time spent auto-exploring this place.
 F = Levels seen in this place.
 G = Mean time per level.
                   A        B        C        D        E       F      G
               +--------+--------+--------+--------+--------+-----+--------+
         Total |  12090 |  11139 |    951 |   1363 |   7216 |  13 |  930.0 |
       Dungeon |  11991 |  11079 |    912 |   1363 |   7169 |  12 |  999.2 |
        Temple |     98 |     59 |     39 |      0 |     47 |   1 |   98.0 |
               +--------+--------+--------+--------+--------+-----+--------+

Top non-repeatable levels by time:
     D:4: 1698 daAuts
     D:6: 1461 daAuts
     D:2: 1189 daAuts
     D:1: 1021 daAuts
     D:9: 1009 daAuts
    D:11: 970 daAuts
     D:8: 944 daAuts
     D:3: 848 daAuts
     D:5: 828 daAuts
     D:7: 749 daAuts
    D:10: 645 daAuts
    D:12: 625 daAuts
  Temple: 98 daAuts
